Map: Dusk Towers

Players

Adley - Winner!

  • Race: Protoss Protoss
  • League: Gold

Toons

  • Race: Protoss Protoss
  • League: Silver

VOD

Have the link to the VOD?

Description

Time

  • Played on: Feb. 1, 2016, 4:39 a.m.
  • Length: 9:49
Show
View Real Time Build Order
Export as new Build Order

Adley Protoss - Winner!

Build Orders:  

Get SALT Encoding   

  12  0:01  Probe (Chrono Boost)  
  13  0:11  Probe (Chrono Boost)  
  14  0:21  Pylon  
  14  0:24  Probe (Chrono Boost)  
  15  0:39  Probe (Chrono Boost)  
  16  0:44  Gateway  
  16  0:49  Probe (Chrono Boost)  
  17  1:00  Probe (Chrono Boost)  
  17  1:01  Assimilator  
  17  1:03  Pylon  
  18  1:10  Probe (Chrono Boost)  
  19  1:19  Gateway  
  19  1:21  Probe (Chrono Boost)  
  20  1:32  Cybernetics Core, Probe (Chrono Boost)  
  21  1:42  Probe (Chrono Boost)  
  21  1:46  Assimilator  
  22  1:54  Probe (Chrono Boost)  
  24  2:08  Probe (Chrono Boost)  
  24  2:09  Warp Gate  
  24  2:12  Adept x2  
  28  2:24  Probe (Chrono Boost)  
  29  2:35  Nexus  
  29  2:38  Probe (Chrono Boost)  
  30  2:58  Pylon  
  30  3:03  Probe (Chrono Boost)  
  31  3:16  Probe (Chrono Boost), Adept x2  
  36  3:43  Adept  
  36  3:47  Adept  
  38  3:55  Probe (Chrono Boost)  
  37  4:01  Pylon  
  37  4:05  Probe x2 (Chrono Boost)  
  39  4:11  Robotics Facility  
  39  4:15  Pylon, Probe (Chrono Boost)  
  39  4:16  Pylon  
  40  4:22  Gateway  
  40  4:26  Probe (Chrono Boost)  
  41  4:36  Probe (Chrono Boost)  
  40  4:41  Stalker  
  40  4:42  Stalker  
  40  4:44  Probe (Chrono Boost)  
  43  4:47  Probe (Chrono Boost)  
  43  4:48  Assimilator  
  43  4:52  Assimilator  
  44  4:55  Pylon  
  44  4:57  Mothership Core (Chrono Boost), Probe (Chrono Boost)  
  47  5:00  Immortal  
  47  5:14  Gateway  
  47  5:17  Gateway  
  47  5:19  Probe (Chrono Boost)  
  47  5:20  Probe (Chrono Boost)  
  47  5:35  Probe (Chrono Boost)  
  47  5:36  Probe (Chrono Boost)  
  47  5:40  Stalker  
  47  5:41  Stalker  
  47  5:42  Stalker  
  53  5:46  Probe (Chrono Boost)  
  54  5:51  Probe (Chrono Boost)  
  54  5:56  Probe (Chrono Boost)  
  56  6:02  Probe (Chrono Boost)  
  57  6:04  Twilight Council  
  57  6:07  Probe (Chrono Boost)  
  58  6:18  Probe (Chrono Boost)  
  58  6:25  Stalker x3  
  64  6:26  Stalker x2  
  64  6:32  Observer  
  69  6:50  Stalker x2  
  69  6:51  Stalker x2  
  69  6:52  Stalker  
  79  7:00  Pylon x2  
  79  7:07  Dark Shrine  
  79  7:20  Probe (Chrono Boost)  
  80  7:25  Immortal  
  84  7:37  Nexus  
  84  8:07  Immortal  
  84  8:09  Probe (Chrono Boost)  
  84  8:10  Probe (Chrono Boost)  
  90  8:19  Dark Templar x3  
  97  8:20  Probe (Chrono Boost), Dark Templar x2  
  97  8:21  Probe (Chrono Boost)  
  102  8:32  Pylon  
  102  8:34  Pylon  
  102  8:36  Pylon  
  102  8:49  Probe x2 (Chrono Boost)  
  102  8:54  Dark Templar x3  
  102  8:55  Dark Templar x2  
  113  8:59  Probe x2 (Chrono Boost)  
  115  9:10  Probe x2 (Chrono Boost)  
  117  9:20  Probe (Chrono Boost)  
  117  9:21  Probe (Chrono Boost)  
  119  9:30  Stalker  
  119  9:31  Stalker x3  
  117  9:32  Stalker  
  117  9:33  Probe (Chrono Boost)  
  122  9:40  Assimilator  
  122  9:44  Assimilator  
Show
View Real Time Build Order
Export as new Build Order

Toons Protoss 

Build Orders: 1 Gate Expand 

Get SALT Encoding   

  12  0:01  Probe (Chrono Boost)  
  13  0:12  Probe (Chrono Boost)  
  14  0:19  Pylon  
  14  0:23  Probe (Chrono Boost)  
  15  0:37  Probe (Chrono Boost)  
  15  0:41  Gateway  
  16  0:47  Assimilator  
  16  0:49  Probe (Chrono Boost)  
  17  1:00  Probe (Chrono Boost)  
  18  1:10  Probe (Chrono Boost)  
  19  1:21  Probe (Chrono Boost)  
  20  1:32  Nexus  
  20  1:37  Probe (Chrono Boost)  
  21  1:44  Cybernetics Core  
  21  1:50  Probe (Chrono Boost)  
  22  1:55  Pylon  
  22  2:01  Probe (Chrono Boost)  
  24  2:20  Assimilator  
  24  2:22  Warp Gate  
  23  2:23  Adept  
  23  2:25  Mothership Core (Chrono Boost)  
  27  2:31  Gateway  
  27  2:33  Pylon  
  27  2:43  Probe (Chrono Boost)  
  28  2:46  Probe (Chrono Boost)  
  29  2:53  Adept  
  31  3:05  Probe x2 (Chrono Boost)  
  33  3:12  Pylon  
  32  3:29  Probe x2 (Chrono Boost)  
  33  3:37  Stargate  
  32  3:43  Probe x2 (Chrono Boost)  
  33  3:53  Probe (Chrono Boost)  
  33  3:54  Probe (Chrono Boost)  
  33  4:04  Gateway  
  33  4:06  Gateway  
  33  4:09  Pylon  
  33  4:11  Probe (Chrono Boost)  
  33  4:12  Assimilator, Probe (Chrono Boost)  
  35  4:17  Assimilator  
  35  4:20  Oracle (Chrono Boost)  
  38  4:27  Stalker x2  
  38  4:28  Probe  
  38  4:29  Probe  
  42  4:39  Probe  
  42  4:41  Probe  
  44  4:50  Probe  
  45  4:54  Probe  
  45  4:57  Forge, Pylon  
  46  5:00  Probe  
  46  5:06  Probe  
  48  5:10  Zealot  
  48  5:11  Zealot  
  48  5:13  Probe  
  53  5:35  Oracle (Chrono Boost)  
  53  5:38  Probe  
  53  5:39  Probe  
  58  5:46  Adept x4  
  66  5:50  Probe, Protoss Ground Weapons Level 1  
  66  5:51  Probe  
  68  6:01  Probe  
  68  6:03  Probe  
  70  6:13  Stalker  
  70  6:14  Stalker x2  
  76  6:18  Probe  
  76  6:20  Probe  
  76  6:22  Pylon  
  78  6:30  Pylon  
  78  6:35  Pylon  
  78  6:38  Probe  
  76  6:48  Probe  
  76  6:49  Probe  
  76  6:51  Void Ray  
  82  7:00  Twilight Council  
  82  7:08  Nexus  
  82  7:15  Probe  
  82  7:17  Probe  
  84  7:23  Pylon  
  84  7:25  Pylon  
  84  7:26  Pylon  
  84  7:29  Zealot x3  
  90  7:30  Zealot  
  92  7:37  Gateway  
  92  7:40  Pylon  
  92  7:46  Probe  
  92  7:47  Probe  
  94  7:56  Probe  
  95  7:59  Probe  
  95  8:01  Forge  
  95  8:02  Stargate  
  96  8:17  Probe  
  96  8:18  Probe  
  98  8:25  Photon Cannon  
  98  8:26  Photon Cannon  
  98  8:29  Assimilator  
  98  8:33  Probe  
  98  8:34  Assimilator  
  98  8:35  Probe  
  100  8:43  Void Ray  
  96  8:52  Photon Cannon  
  96  8:54  Photon Cannon  
  92  8:57  Photon Cannon  
  92  9:01  Probe x2  
  94  9:11  Photon Cannon  
Tags
 
Matchup
PvP
Replay Pack
toons-pack1
Add a new tag
Caveats
  • Supply blocks, unpowered buildings, or Contaminate may cause inaccurate times.
  • Supply counts are checked every 10 seconds.